 Dungeon Crawl Stone Soup version 0.27.1-34-g3ba077fa99 (webtiles) character file.

Game seed: 8986909483953775548

401 cbfl8 the Sneak (level 6, -1/55 HPs)
             Began as a Minotaur Delver on Jan 17, 2022.
             Killed from afar by an orc wizard (5 damage)
             ... with a puff of flame
             ... on level 3 of the Dungeon.
             The game lasted 00:11:08 (4319 turns).

cbfl8 the Sneak (Minotaur Delver)                   Turns: 4319, Time: 00:11:08

Health: -1/55      AC:  5    Str: 17    XL:     6   Next: 54%
Magic:  5/5        EV: 11    Int:  9    God:
Gold:   148        SH:  0    Dex: 11    Spells: 5/5 levels left

rFire    . . .     SeeInvis .   a - +0 hand axe
rCold    . . .     Faith    .   (no shield)
rNeg     . . .     Spirit   .   l - +0 ring mail
rPois    .         Reflect  .   (helmet restricted)
rElec    .         Harm     .   (no cloak)
rCorr    .         Rampage  .   (no gloves)
Will     .....                  (no boots)
Stlth    ++........             (no amulet)
HPRegen  0.18/turn              (no ring)
MPRegen  0.09/turn              (no ring)

@: no status effects
A: horns 2, retaliatory headbutt
a: no special abilities


You were on level 3 of the Dungeon.
You visited 1 branch of the dungeon, and saw 5 of its levels.

You collected 148 gold pieces.

Inventory:

Hand Weapons
 a - a +0 hand axe (weapon)
 j - a +0 falchion
Armour
 b - a +0 leather armour
 l - a +0 ring mail (worn)
Magical Staves
 i - a staff of conjuration
Wands
 g - a wand of digging (3)
Scrolls
 c - 3 scrolls of fog
 d - a scroll of magic mapping
 e - 2 scrolls of fear
 h - a scroll of blinking {unknown}
 k - 4 scrolls of identify {unknown}
 m - a scroll of teleportation {unknown}
 n - a scroll of noise {unknown}
 o - a scroll of enchant weapon {unknown}
Potions
 f - a potion of haste
 p - a potion of heal wounds {unknown}
 q - 2 potions of lignification {unknown}


   Skills:
 + Level 4.9 Fighting
 + Level 4.7 Axes
 + Level 2.5 Armour
 + Level 3.0 Dodging
 + Level 5.6 Stealth


You had 5 spell levels left.
You didn't know any spells.
Your spell library contained the following spells:

 Spells                   Type           Power      Damage    Failure   Level
 Blink                    Tloc           N/A        N/A       73%         2
 Lesser Beckoning         Tloc           0%         N/A       91%         3
 Manifold Assault         Tloc           0%         N/A       100%        5


Dungeon Overview and Level Annotations

Branches:
Dungeon (5/15)
 Temple: D:4-7

Altars:

Shops:
D:2 *

Annotations:
D:3 Grinder


Innate Abilities, Weirdness & Mutations

You have a pair of horns on your head.
You reflexively headbutt those who attack you in melee.


Message History

The orc closely misses you.
You hit the orc. You headbutt the orc, but do no damage.
The orc is severely wounded.
You hit the orc.
Grinder blinks!
The orc hits you with a +0 short sword. The orc hits you with a +0 whip.
You slash the orc!
You kill the orc!
You hit the orc.
You kill the orc!
A gnoll comes into view. It is wielding a +0 club.
You hit something. Something hits you.
You closely miss something. You headbutt something. Something hits you.
You closely miss something. You hit the gnoll. The gnoll misses you.
Something hits you.
A gnoll comes into view. It is wielding a +0 club.
You miss something. You closely miss the gnoll.
The gnoll hits you with a +0 flail. Something hits you.
You miss something.
The gnoll shouts!
You hit the gnoll. The gnoll hits you with a +0 flail!
Something hits you but does no damage.
Your ring mail prevents you from hitting something.
You headbutt something. You closely miss the gnoll. Something hits you.
You slash something! Your headbutt misses something.
You hit the gnoll but do no damage. The gnoll barely misses you.
You furiously retaliate!
You headbutt the gnoll. Something hits you.
You hit something. You barely miss the gnoll.
The gnoll hits you with a +0 club. Something hits you but does no damage.
The gnoll hits you but does no damage. Something hits you.
You closely miss something. You barely miss Grinder. You barely miss the gnoll.
Grinder hits you!
* * * LOW HITPOINT WARNING * * *
You writhe in agony.
* * * LOW HITPOINT WARNING * * *
The gnoll hits you with a +0 club.
* * * LOW HITPOINT WARNING * * *
You hear some strange, mumbled words.
A puff of flame appears from out of thin air!
The puff of flame hits you.
You die...

...(.....#.......
.........#.##...# #.
.........#. #.... #.
#.......## ##...
#.###.......# #.(.
#.#..g....o.. .....
#.#g#g# ####..
#.#5{g# .....
#.#.@######### #..#
#............# #..#
#....#######.# #..'
#....# #.# ##.#
#....# #.# #.# #....#
#####.######..
#....###.............
#..............####..
##..#####.......###..


You could see Grinder and 4 gnolls.

Vanquished Creatures
  An ogre (D:4)
  A scorpion (D:4)
  A jelly (D:4)
  2 hounds
  A bullfrog skeleton (D:4)
  Jessica (D:3)
  An adder (D:2)
  2 adder skeletons (D:4)
  3 worms
  7 orcs (D:3)
  3 endoplasms
  4 giant cockroaches
  6 goblins
  11 hobgoblins
  4 jackals (D:2)
  4 kobolds
  12 ball pythons
  3 bats (D:2)
  5 frilled lizards
  12 rats
84 creatures vanquished.

Notes
Turn   | Place    | Note
-------+----------+-------------------------------------------
     0 | D:5      | cbfl8 the Minotaur Delver began the quest for the Orb.
     0 | D:5      | Reached XP level 1. HP: 19/19 MP: 0/0
     9 | D:5      | Noticed a hound
    15 | D:5      | Killed a hound
    16 | D:5      | Reached XP level 2. HP: 15/27 MP: 1/1
    16 | D:5      | Reached XP level 3. HP: 19/33 MP: 2/2
   243 | D:5      | Noticed a necrophage
   245 | D:5      | Noticed an ogre
   354 | D:5      | Noticed an ogre
   530 | D:4      | Reached skill level 5 in Stealth
   530 | D:4      | Reached XP level 4. HP: 36/40 MP: 3/3
   708 | D:4      | Reached XP level 5. HP: 46/46 MP: 4/4
   719 | D:4      | Noticed an ogre
   727 | D:4      | Killed an ogre
   728 | D:4      | Reached skill level 1 in Armour
  1031 | D:4      | Reached XP level 6. HP: 6/53 MP: 5/5
  1296 | D:3      | Noticed Jessica
  1340 | D:3      | Killed Jessica
  2952 | D:1      | Found a faded altar of an unknown god.
  3563 | D:2      | Found Lyuzuxoz's Assorted Antiques.
  4300 | D:3      | Noticed Grinder
  4319 | D:3      | Killed from afar by an orc wizard

Illustrated notes

Levels and vault maps discovered:
D:1:      saegor_arrival_simple_d, layout_rooms, basic_ecumenical_altar
D:2:      minmay_door_path, layout_loops_corners, serial_shops, shop
D:3:      layout_loops_ring, wad_orctagon, uniq_jessica, uniq_grinder
D:4:      kennysheep_six_static_rooms, layout_cave_pools,
          minmay_misc_feat_rugged
D:5:      layout_basic, overflow_temple_1_default, minmay_joined_circles

Skill      XL: |  1  2  3  4  5  6 |
---------------+-------------------+-----
Fighting       | 4 |  4.9
Axes           | 3 4 |  4.7
Stealth        | 5 |  5.6
Armour         | 1 2 |  2.5
Dodging        | 3 |  3.0

Action                   |  1- 3 |  4- 6 || total
-------------------------+-------+-------++-------
Melee: Hand axe          |    13 |   181 ||   194
       Headbutt          |     1 |    25 ||    26
  Use: Potion            |       |     2 ||     2
 Stab: Sleeping          |       |     9 ||     9
Armor: Leather armour    |     1 |     1 ||     2
       Ring mail         |       |    53 ||    53
Dodge: Dodged            |    10 |    99 ||   109
